AoeStats
← 布丁

Nomad

508674523Analyzed
4v4 RM · 8d ago on Sep 23, 2026· 54m 37s· 8 players
Game mode
Random Map
Map size
231×231
Population
200
Speed
Normal
Resources
Standard
Victory
Conquest
Starting age
Dark Age
Ending age
Imperial Age
RankedLock teamsTeams togetherTeam positionsShared explorationLock speedFull tech treeHidden civsTurbo modeCheats
Victory
Defeat
🇨🇳 Turks · China
918
+12
🇨🇳 Varangians · China
915
+12
🇨🇳 Bohemians · China
898
+13
🇨🇳 Britons · China
855
+15
🇩🇪 Franks · Germany
880
-36
🇹🇼 Goths · Taiwan
861
-14
🇪🇸 Malay · Spain
804
-12
🇸🇪 Inca · Sweden
783
-11
Selu
4:13 Loom
14:27 Feudal Age
20:08 Castle Age
19:19 Double-Bit Axe
19:16 Horse Collar
22:23 Fishing Lines
27:10 Husbandry
27:14 Heavy Plow
27:27 Bow Saw
27:34 Gillnets
28:58 Forging
28:53 Scale Barding Armor
33:28 Imperial Age
31:56 Thalassocracy
35:24 Crop Rotation
37:12 Iron Casting
36:28 Fletching
37:50 Wheelbarrow
39:03 Murder Holes
40:02 Forced Levy
39:25 Man-at-Arms
40:05 Long Swordsman
40:46 Squires
41:32 Two-Handed Swordsman
46:44 Blast Furnace
47:36 Elite Skirmisher
48:20 Padded Archer Armor
48:15 Bodkin Arrow
Marw
9:09 Loom
13:36 Feudal Age
14:57 Fishing Lines
16:34 Fishing Lines
22:15 Gold Mining
22:07 Horse Collar
22:12 Double-Bit Axe
22:18 Stone Mining
24:35 Castle Age
23:31 Forging
23:24 Scale Mail Armor
22:58 Champi Runner
24:24 Arson
28:54 Gillnets
30:12 Heavy Plow
33:01 Padded Archer Armor
32:51 Fletching
33:42 Gold Shaft Mining
33:18 Bow Saw
33:25 Bow Saw
34:41 Thumb Ring
33:57 Crossbowman
34:14 Elite Skirmisher
36:16 Bodkin Arrow
37:46 Iron Casting
37:34 Chain Mail Armor
37:29 Champi Warrior
38:09 Squires
40:01 Andean Sling
41:40 Wheelbarrow
40:51 Town Watch
40:43 Pikeman
44:23 Hand Cart
50:36 Imperial Age
49:16 Leather Archer Armor
TreffNIx
16:50 Feudal Age
30:22 Castle Age
32:40 Double-Bit Axe
45:15 Stone Mining
布丁
6:32 Loom
17:50 Feudal Age
19:09 Wheelbarrow
22:05 Castle Age
20:59 Double-Bit Axe
24:39 Hand Cart
27:48 Gold Mining
33:47 Bow Saw
38:19 Imperial Age
37:54 Horse Collar
39:07 Elite Huskarl
40:52 Perfusion
42:28 Conscription
42:18 Scale Mail Armor
42:29 Forging
42:54 Anarchy
43:45 Squires
46:59 Chemistry
47:39 Pikeman
48:30 Halberdier
卖报的小行家
15:56 Feudal Age
14:14 Loom
16:31 Double-Bit Axe
18:02 Fishing Lines
20:33 Castle Age
20:11 Wheelbarrow
26:58 Hand Cart
26:43 Gillnets
30:17 Bow Saw
29:50 Horse Collar
31:18 Fletching
31:28 Padded Archer Armor
31:33 Scale Mail Armor
35:07 Imperial Age
32:30 Pikeman
33:11 Squires
32:56 Arson
34:28 Forging
35:32 Chemistry
34:54 Ballistics
34:29 Murder Holes
34:45 Masonry
35:37 Halberdier
38:39 Siege Engineers
38:38 Caravan
38:40 Houfnice
43:42 Man-at-Arms
45:40 Bodkin Arrow
46:01 Chain Mail Armor
46:21 Iron Casting
46:52 Long Swordsman
47:37 Two-Handed Swordsman
49:14 Champion
我血你
15:44 Feudal Age
21:08 Castle Age
18:58 Double-Bit Axe
19:07 Stone Mining
19:08 Gold Mining
19:06 Fishing Lines
23:31 Gold Shaft Mining
23:37 Wheelbarrow
23:34 Bloodlines
24:24 Gillnets
29:06 Hand Cart
32:45 Fletching
33:52 Bow Saw
34:36 Bodkin Arrow
35:38 Padded Archer Armor
38:50 Imperial Age
38:24 Leather Archer Armor
38:27 Horse Collar
39:56 Ballistics
39:58 Bombard Tower
39:58 Heavy Plow
40:27 Elite Janissary
41:28 Conscription
42:32 Bracer
43:03 Ring Archer Armor
44:22 Artillery
Pets_T饕
5:04 Loom
14:54 Feudal Age
16:50 Wheelbarrow
16:19 Town Watch
21:47 Castle Age
19:48 Stone Mining
19:45 Double-Bit Axe
20:20 Gold Mining
19:52 Man-at-Arms
23:45 Bow Saw
23:17 Horse Collar
24:55 Hand Cart
26:33 Fletching
28:01 Stone Shaft Mining
28:24 Bodkin Arrow
29:30 Town Patrol
32:17 Forging
32:12 Scale Barding Armor
33:33 Iron Casting
33:41 Ballistics
42:32 Bloodlines
42:26 Husbandry
46:32 Imperial Age
46:32 Heavy Plow
47:43 Conscription
46:47 Elite Jarl
49:19 Blast Furnace
48:40 Chain Barding Armor
47:58 Light Cavalry
52:48 Plate Barding Armor
52:13 Bracer
Loveytjs
15:53 Feudal Age
21:41 Castle Age
19:43 Double-Bit Axe
20:43 Stone Mining
27:07 Masonry
26:56 Murder Holes
28:47 Bow Saw
32:06 Forging
31:57 Scale Mail Armor
32:20 Squires
34:42 Wheelbarrow
35:06 Gold Mining
35:16 Fishing Lines
35:11 Pikeman
38:10 Yeomen
37:55 Crossbowman
47:28 Imperial Age
46:35 Ballistics
48:56 Horse Collar
49:57 Hand Cart
49:16 Arbalester
51:02 Halberdier
52:43 Fletching
52:53 Padded Archer Armor
55:06 Bodkin Arrow
55:27 Leather Archer Armor
Connection lost

Rejoining the realm…

Still unreachable

The connection could not be restored.

Session expired

The server has moved on; the page needs a fresh start.